 Dungeon Crawl Stone Soup version 0.19.1-1-g22dce08 (webtiles) character file.

156 empire the Conjurer (level 5, -2/39 HPs)
             Began as a Draconian Conjurer on Jan 17, 2017.
             Slain by an orc (3 damage)
             ... on level 3 of the Dungeon.
             The game lasted 00:07:12 (2220 turns).

empire the Conjurer (Draconian Conjurer)            Turns: 2220, Time: 00:07:13

Health: -2/39      AC:  5    Str:  8 (10) XL:     5   Next: 15%
Magic:  9/9        EV: 12    Int: 14 (16) God:
Gold:   136        SH:  0    Dex: 10 (12) Spells: 1 memorised, 8 levels left

rFire  + . .     SeeInvis .     a - +1 short sword
rCold  x . .     Gourm    .     (armour unavailable)
rNeg   . . .     Faith    .     (no shield)
rPois  .         Spirit   .     (helmet restricted)
rElec  .         Reflect  .     (no cloak)
rCorr  .         Harm     .     (no gloves)
MR     .....                    (no boots)
Stlth  ++........               (no amulet)
                                (no ring)
                                h - ring of fire

@: lethally poisoned (-2 -> -3)
A: unfitting armour, cold-blooded, AC +5
a: no special abilities


You were on level 3 of the Dungeon.
You were not hungry.

You visited 1 branch of the dungeon, and saw 3 of its levels.

You collected 136 gold pieces.

Inventory:

Hand Weapons
 a - a +1 short sword (weapon)
 j - a cursed +0 falchion
Jewellery
 h - a ring of fire (left hand)
Wands
 g - a wand of iceblast (11/15)
Scrolls
 e - a scroll of remove curse
 k - a scroll of enchant weapon
Potions
 c - a potion of curing
 m - a potion of might {unknown}
Books
 i - a book of Conjurations

   Spells                             Type                      Level
   a - Magic Dart                     Conjuration                  1
   b - Searing Ray                    Conjuration                  2
   c - Dazzling Spray                 Conjuration/Hexes            3
   d - Fulminant Prism                Conjuration/Hexes            4
   e - Iskenderun's Mystic Blast      Conjuration                  4
   f - Iskenderun's Battlesphere      Conjuration/Charms           5
 l - a book of Cantrips

   Spells                             Type                      Level
   a - Confusing Touch                Hexes                        1
   b - Animate Skeleton               Necromancy                   1
   c - Summon Small Mammal            Summoning                    1
   d - Apportation                    Translocation                1
Comestibles
 b - 2 bread rations
 d - 4 chunks of flesh
 f - a meat ration


   Skills:
 + Level 0.9 Fighting
 + Level 1.5 Short Blades
 + Level 2.4 Dodging
 + Level 2.1 Stealth
 + Level 0.4 Unarmed Combat
 + Level 2.6 Spellcasting
 + Level 5.1 Conjurations


You had 8 spell levels left.
You knew the following spells:

 Your Spells              Type           Power        Failure   Level  Hunger
a - Magic Dart            Conj           ###.         2%          1    #......


Dungeon Overview and Level Annotations

Branches:
Dungeon (3/15)

Altars:
Elyvilon

Portals:
Sewer: D:3

Annotations:
D:3 Natasha, Sigmund


Innate Abilities, Weirdness & Mutations

Your plain brown scales are hard. (AC +5)
You cannot fit into any form of body armour.
You are cold-blooded and may be slowed by cold attacks.


Message History

Deactivating autopickup; reactivate with Ctrl-A.
The adder barely misses you.
An adder comes into view.
You feel sick. The goblin barely misses you.
Found a ring mail.
The orc priest shouts!
The orc wizard gestures wildly while chanting.
The orc wizard blinks!
Natasha mumbles some strange words.
The orc hits you. The goblin closely misses you. The orc closely misses you.
The orc priest calls down the wrath of Beogh upon you.
Beogh smites you!
* * * LOW HITPOINT WARNING * * *
The crimson imp misses you.
Natasha mumbles some strange words.
Found a glowing drain.
There is an escape hatch in the floor here.
The orc hits you.
You die...

..............#
##............# .
##...........#
..##o..........#
...So.........#
##....5rl.....#
#....SSh.....#
.##...o5o.K....##
.......@og.5......#
........oo.o......#
......w.####......#
..[.....# #......#
........# #......#
≈≈......# ......#
≈≈≈.....# .....
∩≈≈.....#


You could see a worm, an orc priest, an orc wizard, Natasha, 2 crimson imps, 2
adders, a white imp, 6 orcs, a goblin, a ball python, a kobold, a frilled lizard
and a rat.

Vanquished Creatures
  Jessica (D:2)
  Natasha (D:3)
  Ijyb (D:2)
  Robin (D:3)
  A worm (D:2)
  A dart slug (D:1)
  2 leopard geckos (D:2)
  A giant cockroach (D:2)
  16 goblins
  8 hobgoblins
  2 jackals (D:2)
  10 kobolds
  A quokka (D:3)
  2 ball pythons
  3 bats
  2 frilled lizards
  6 rats
59 creatures vanquished.

Notes
Turn   | Place    | Note
-------+----------+-------------------------------------------
     0 | D:1      | empire the Draconian Conjurer began the quest for the Orb.
     0 | D:1      | Reached XP level 1. HP: 14/14 MP: 3/3
   408 | D:1      | Reached XP level 2. HP: 20/20 MP: 0/5
   939 | D:2      | Reached XP level 3. HP: 21/26 MP: 0/6
  1077 | D:2      | Found a white marble altar of Elyvilon.
  1077 | D:2      | Noticed Jessica
  1130 | D:2      | Noticed Ijyb
  1144 | D:2      | Killed Ijyb
  1321 | D:2      | Reached XP level 4. HP: 30/33 MP: 5/7
  1423 | D:2      | Killed Jessica
  1423 | D:2      | Reached skill level 5 in Conjurations
  1530 | D:2      | Reached skill level 1 in Short Blades
  1929 | D:3      | Noticed Robin
  2007 | D:3      | Killed Robin
  2056 | D:3      | Noticed Natasha
  2075 | D:3      | Killed Natasha
  2075 | D:3      | Reached XP level 5. HP: 24/39 MP: 0/9
  2187 | D:3      | Noticed Natasha
  2196 | D:3      | Noticed Sigmund
  2219 | D:3      | Found a glowing drain.
  2219 | D:3      | HP: 1/39 [orc priest/divine providence (16)]
  2220 | D:3      | Slain by an orc

Skill      XL: |  1  2  3  4 |
---------------+-------------+-----
Dodging        | 2 |  2.4
Stealth        | 2 |  2.1
Conjurations   | 5 |  5.1
Short Blades   | 1 |  1.5
Fighting       | |  0.9
Unarmed Combat | |  0.4
Spellcasting   | |  2.6

Action                   |  1- 3 |  4- 6 || total
-------------------------+-------+-------++-------
Melee: Unarmed           |    18 |       ||    18
       Tailslap          |     9 |     4 ||    13
       Short sword       |    46 |    60 ||   106
 Cast: Magic Dart        |    43 |    37 ||    80
  Use: Potion            |     3 |     2 ||     5
       Scroll            |       |     7 ||     7
 Stab: Sleeping          |     2 |     2 ||     4
  Eat: Chunk             |     2 |     3 ||     5
Armor: Skin              |    19 |    27 ||    46
Dodge: Dodged            |    61 |    64 ||   125
